 Dungeon Crawl Stone Soup version 0.25.0-26-g0c896c7088 (webtiles) character file.

Game seed: 15843883789869381528

14707 MisterFreud the Martial Artist (level 11, -6/82 HPs)
             Began as a Demonspawn Ice Elementalist on July 5, 2020.
             Was an Initiate of Gozag.
             Mangled by Rupert
             ... wielding a +1 great sword of electrocution
              (14 damage)
             ... on level 12 of the Dungeon.
             The game lasted 00:35:59 (13557 turns).

MisterFreud the Martial Artist (DsIE)              Turns: 13557, Time: 00:35:59

Health: -6/82      AC:  6    Str:  8    XL:     11   Next: 92%
Magic:  0/23       EV: 17    Int: 21    God:    Gozag
Gold:   1798       SH: 10    Dex: 13    Spells: 17/26 levels left

rFire    . . .     SeeInvis .     - Unarmed
rCold    . . .     Gourm    .   N - +0 buckler
rNeg     . . .     Faith    .   a - +0 robe
rPois    .         Spirit   +   C - +2 hat
rElec    .         Reflect  +   (no cloak)
rCorr    .         Harm     .   (gloves unavailable)
MR       .....                  (no boots)
Stlth    ++........             J - amulet of reflection
HPRegen  0.23/turn              F - +4 ring of slaying
MPRegen  0.18/turn              r - ring of wizardry

@: no status effects
A: claws 3, slimy green scales 1, powered by death 2, magic shield
a: Potion Petition, Call Merchant, Bribe Branch, Renounce Religion


You were on level 12 of the Dungeon.
You worshipped Gozag.
Gozag was most pleased with you.
You were not hungry.

You visited 2 branches of the dungeon, and saw 13 of its levels.

You collected 2100 gold pieces.
You spent 203 gold pieces at shops.
You paid 99 gold pieces to Gozag.

Inventory:

Hand Weapons
 i - a +0 dagger of venom
Missiles
 t - 5 curare-tipped darts (quivered)
 x - 21 boomerangs
 E - a throwing net
 G - 5 boomerangs of dispersal
 H - 6 poisoned darts
Armour
 a - a +0 robe (worn)
 C - a +2 hat (worn)
 N - a +0 buckler (worn)
Jewellery
 e - an uncursed ring of stealth
 q - an uncursed ring of protection from fire
 r - a ring of wizardry (right claw)
 B - an uncursed ring of see invisible
 F - a +4 ring of slaying (left claw)
 I - an uncursed amulet of regeneration
 J - an amulet of reflection (around neck)
 L - an uncursed ring of magical power
Wands
 p - a wand of flame (46)
 D - a wand of iceblast (9)
Scrolls
 d - 3 scrolls of immolation
 g - a scroll of fear
 h - 7 scrolls of remove curse {unknown}
 j - 10 scrolls of teleportation
 l - a scroll of enchant armour {unknown}
 m - a scroll of fog {unknown}
 n - a scroll of random uselessness {unknown}
 s - a scroll of enchant weapon {unknown}
 u - 2 scrolls of brand weapon {unknown}
 y - 4 scrolls of magic mapping
 z - 2 scrolls of identify
 A - a scroll of amnesia
 O - a scroll of blinking {unknown}
Potions
 b - 4 potions of stabbing
 f - a potion of cancellation
 k - 3 potions of haste
 o - 2 potions of curing
 v - 2 potions of might
 w - a potion of heal wounds
 K - 2 potions of mutation
 M - a potion of invisibility
Comestibles
 c - 24 rations


   Skills:
 + Level 6.3 Fighting
 + Level 8.2 Dodging
 - Level 1.7 Stealth
 - Level 4.0 Shields
 + Level 10.1 Unarmed Combat
 - Level 8.0 Spellcasting
 - Level 0.5 Charms
 - Level 5.0 Ice Magic
 - Level 6.0 Evocations


You had 17 spell levels left.
You knew the following spells:

 Your Spells              Type           Power        Failure   Level  Hunger
a - Freeze                Ice            ####         1%          1    None
b - Frozen Ramparts       Ice            ####..       1%          3    None
c - Ozocubu's Armour      Chrm/Ice       ###.....     3%          3    None
d - Blink                 Tloc           N/A          4%          2    None

Your spell library contained the following spells:

 Spells                   Type           Power        Failure   Level  Hunger
 Infusion                 Chrm           ##..         2%          1    None
 Animate Skeleton         Necr           N/A          3%          1    None
 Apportation              Tloc           #.....       3%          1    None
 Corona                   Hex            #......      3%          1    None
 Magic Dart               Conj           #...         3%          1    None
 Pain                     Necr           #...         3%          1    None
 Summon Small Mammal      Summ           #...         3%          1    None
 Call Imp                 Summ           #.......     4%          2    None
 Shroud of Golubria       Chrm/Tloc      #.....       4%          2    None
 Slow                     Hex            #.......     4%          2    None
 Song of Slaying          Chrm           ##......     4%          2    None
 Spectral Weapon          Hex/Chrm       #.......     9%          3    None
 Confusing Touch          Hex            #.......     10%         3    None
 Conjure Flame            Conj/Fire      #.......     10%         3    None
 Gell's Gravitas          Tloc           #.........   10%         3    None
 Mephitic Cloud           Conj/Pois/Air  #.......     10%         3    None
 Vampiric Draining        Necr           #.........   10%         3    None
 Hailstorm                Conj/Ice       ###.....     12%         4    ###....
 Summon Ice Beast         Ice/Summ       ###.....     12%         4    ###....
 Animate Dead             Necr           N/A          30%         4    ###....
 Leda's Liquefaction      Hex/Erth       #.........   30%         4    ###....
 Petrify                  Tmut/Erth      #.......     30%         4    ###....
 Metabolic Englaciation   Hex/Ice        ###.......   30%         5    #####..
 Agony                    Necr           #.......     61%         5    #####..
 Yara's Violent Unravell  Hex/Tmut       #.........   61%         5    #####..
 Spellforged Servitor     Conj/Summ      #.........   100%        7    #######
 Summon Hydra             Summ           #.........   100%        7    #######


Dungeon Overview and Level Annotations

Branches:
Dungeon (12/15)            Temple (1/1) D:6            Lair (0/6) D:11
    Orc (0/2) D:11

Altars:
Ashenzari
Cheibriados
Elyvilon
Fedhas
Gozag
Hepliaklqana
Kikubaaqudgha
Makhleb
Okawaru
Qazlal
Ru
Sif Muna
Trog
Uskayaw
Vehumet
Xom
Yredelemnul
Zin
The Shining One

Shops:
D:5 ***   D:8 ?

Annotations:
D:6 Dowan, Duvessa
D:9 exclusions: oklob plant and oklob sapling
D:12 Rupert


Innate Abilities, Weirdness & Mutations

You have claws for hands.
You are partially covered in slimy green scales. (AC +2)
You regenerate health from kills.
When hurt, damage is shared between your health and your magic reserves.


Message History

You completely miss Rupert.
Rupert is severely wounded.
The wall freezes Rupert.
Rupert barely misses you.
Unknown command.
Unknown command.
You claw Rupert!
Rupert is almost dead.
The wall freezes Rupert.
Rupert hits you with a +1 great sword of electrocution!!!
* * * LOW HITPOINT WARNING * * *
Unknown command.
The wall freezes Rupert.
Rupert rages.
Unknown command.
The frozen ramparts melt away.
Rupert hits you with a +1 great sword of electrocution!
* * * LOW HITPOINT WARNING * * *
You are electrocuted!
You die...
Your body crumbles into a pile of gold.

.. ####...# #.#
###$...###### #..
#...$o#....># ##.####
#.###.#.###.+ ......#
#.# ..#.(.#.# ......####
#$#######.#(#
.........###.........#(#
......##...'.#########.#
......######....@@.....#
......# ######+######
####.## #.. ####.# #.#
#....# #####.#####
..#### #.........#
######## #.........#
..<....# #..(^.....#
.......# #.........#


You could see Rupert (berserk, very poisoned).

Vanquished Creatures
  4 two-headed ogres
  3 ugly things (D:11)
  An elephant (D:11)
  A gargoyle (D:11)
  A kobold demonologist (D:10)
  2 trolls (D:11)
  A hornet (D:10)
  2 hippogriffs
  Sigmund (D:4)
  A basilisk (D:11)
  A wyvern (D:9)
  5 yaks (D:9)
  Edmund (D:4)
  2 water moccasins
  8 orc warriors
  2 ice beasts
  2 black bears (D:9)
  5 sky beasts
  8 ogres
  A phantom (D:5)
  8 centaurs
  2 crocodiles
  24 big kobolds
  Blork the orc (D:6)
  3 bullfrogs
  A wyvern skeleton (D:11)
  10 killer bees
  A scorpion (D:8)
  5 wights (D:10)
  5 howler monkeys
  5 crimson imps
  2 centaur zombies
  3 bullfrog zombies
  A quasit (D:9)
  2 bullfrog skeletons
  5 hounds
  3 jellies
  6 orc priests
  10 orc wizards
  An iguana (D:4)
  6 worker ants
  A hound skeleton (D:9)
  7 gnolls
  15 adders
  2 shadow imps (D:5)
  An adder skeleton (D:4)
  An adder zombie (D:5)
  2 worms (D:4)
  3 dart slugs
  3 leopard geckos
  56 orcs
  6 bats
  A bat skeleton (D:2)
  7 giant cockroaches
  7 goblins
  10 hobgoblins
  7 jackals
  4 quokkas
  7 ball pythons (D:9)
  A ball python zombie (D:2)
  3 frilled lizards
  A giant cockroach zombie (D:2)
  20 kobolds
  3 leopard gecko skeletons
  A leopard gecko zombie (D:2)
  3 quokka skeletons
  A quokka zombie (D:2)
  9 rats
338 creatures vanquished.

Notes
Turn   | Place    | Note
-------+----------+-------------------------------------------
     0 | D:1      | MisterFreud the Demonspawn Ice Elementalist began the quest
                  | for the Orb.
     0 | D:1      | Reached XP level 1. HP: 13/13 MP: 3/3
    68 | D:1      | Reached skill level 1 in Fighting
   489 | D:1      | Gained mutation: You regenerate a little health from kills.
                  | [demonic ancestry]
   489 | D:1      | Reached XP level 2. HP: 11/22 MP: 0/5
  1416 | D:1      | Gained mutation: You have sharp fingernails. [demonic
                  | ancestry]
  1416 | D:1      | Reached XP level 3. HP: 25/28 MP: 3/6
  1649 | D:2      | Learned a level 3 spell: Frozen Ramparts
  2407 | D:2      | Found an iron altar of Okawaru.
  2421 | D:3      | Found a snail-covered altar of Cheibriados.
  2421 | D:3      | Found a shimmering altar of Xom.
  2421 | D:3      | Found a glowing golden altar of the Shining One.
  2445 | D:3      | Reached XP level 4. HP: 34/35 MP: 3/7
  2568 | D:3      | Found a basalt altar of Yredelemnul.
  2622 | D:3      | Learned a level 3 spell: Ozocubu's Armour
  3162 | D:3      | Reached skill level 5 in Ice Magic
  3162 | D:3      | Gained mutation: When hurt, damage is shared between your
                  | health and your magic reserves. [demonic ancestry]
  3162 | D:3      | Reached XP level 5. HP: 41/41 MP: 4/8
  3207 | D:3      | Found a hide-covered altar of Uskayaw.
  3207 | D:3      | Noticed a +0 dagger
  3207 | D:3      | Noticed a +0 hand axe
  3382 | D:3      | Found a faded altar of an unknown god.
  3811 | D:4      | Gained mutation: You regenerate health from kills. [demonic
                  | ancestry]
  3811 | D:4      | Reached XP level 6. HP: 47/47 MP: 2/9
  3968 | D:4      | Reached skill level 1 in Unarmed Combat
  3995 | D:4      | Noticed Sigmund
  4007 | D:4      | Killed Sigmund
  4007 | D:4      | Reached skill level 3 in Unarmed Combat
  4007 | D:4      | Gained mutation: You have very sharp fingernails. [demonic
                  | ancestry]
  4007 | D:4      | Reached XP level 7. HP: 36/52 MP: 4/10
  4118 | D:4      | Noticed Edmund
  4132 | D:4      | Killed Edmund
  4132 | D:4      | Reached skill level 4 in Unarmed Combat
  4724 | D:4      | Found a shattered altar of Ashenzari.
  4839 | D:4      | Reached skill level 5 in Unarmed Combat
  5078 | D:5      | Entered Level 5 of the Dungeon
  5078 | D:5      | Found Qusaazxe's General Store.
  5079 | D:5      | Found a hazy altar of Hepliaklqana.
  5291 | D:5      | Reached skill level 6 in Unarmed Combat
  5291 | D:5      | Gained mutation: You have claws for hands. [demonic
                  | ancestry]
  5291 | D:5      | Reached XP level 8. HP: 58/58 MP: 8/11
  5792 | D:5      | Reached skill level 5 in Spellcasting
  5835 | D:5      | Found a white marble altar of Elyvilon.
  5839 | D:5      | Found Adwuikh's General Store.
  5859 | D:5      | Bought a scroll of magic mapping for 42 gold pieces
  5859 | D:5      | Bought a scroll of fear for 42 gold pieces
  5922 | D:5      | Found Jug Baog's Assorted Antiques.
  5930 | D:5      | Bought a scroll labeled CEAVOS TUHUNG for 28 gold pieces
  5995 | D:6      | Noticed Duvessa
  5995 | D:6      | Noticed Dowan
  6068 | D:6      | Reached skill level 5 in Dodging
  6435 | D:7      | Reached XP level 9. HP: 41/63 MP: 11/16
  7052 | D:7      | Found an ancient bone altar of Kikubaaqudgha.
  7083 | D:7      | Found a burning altar of Makhleb.
  7084 | D:7      | Noticed a cacodemon
  7088 | D:7      | Found a glowing silver altar of Zin.
  7088 | D:7      | Noticed an angel
  7307 | D:6      | Noticed Blork the orc
  7317 | D:6      | Killed Blork the orc
  7402 | D:6      | Found a staircase to the Ecumenical Temple.
  7468 | Temple   | Entered the Ecumenical Temple
  7477 | Temple   | Became a worshipper of Gozag Ym Sagoz the Greedy
  7522 | D:6      | Found an ancient bone altar of Kikubaaqudgha.
  7579 | D:8      | Found Micun's Magic Scroll Boutique.
  7643 | D:8      | Bought a scroll of teleportation for 42 gold pieces
  7643 | D:8      | Bought a scroll of immolation for 49 gold pieces
  7777 | D:8      | Noticed a two-headed ogre
  7795 | D:8      | Found a bloodstained altar of Trog.
  7802 | D:8      | Killed a two-headed ogre
  8163 | D:8      | Found a sacrificial altar of Ru.
  8208 | D:8      | Learned a level 2 spell: Blink
  8478 | D:9      | Noticed an oklob plant
  8586 | D:9      | Reached XP level 10. HP: 54/70 MP: 16/22
  8858 | D:9      | Found a blossoming altar of Fedhas.
  8915 | D:9      | Found a blossoming altar of Fedhas.
  9308 | D:9      | Reached skill level 7 in Unarmed Combat
  9345 | D:9      | Reached skill level 5 in Fighting
  9599 | D:10     | Entered Level 10 of the Dungeon
  9836 | D:10     | Found a blossoming altar of Fedhas.
  9837 | D:10     | Identified the Catalogue of Clay and Summoning
 10067 | D:10     | Paralysed by a hornet for 2 turns
 10232 | D:10     | Noticed a two-headed ogre
 10241 | D:10     | Killed a two-headed ogre
 10241 | D:10     | Reached skill level 8 in Unarmed Combat
 10317 | D:10     | Noticed a two-headed ogre
 10333 | D:10     | Reached skill level 9 in Unarmed Combat
 10333 | D:10     | Gained mutation: You are partially covered in slimy green
                  | scales. (AC +2) [demonic ancestry]
 10333 | D:10     | Reached XP level 11. HP: 81/81 MP: 16/23
 10339 | D:10     | Killed a two-headed ogre
 10386 | D:10     | Reached skill level 10 in Unarmed Combat
 10491 | D:10     | Reached skill level 1 in Evocations
 10976 | D:11     | Found a staircase to the Lair.
 11154 | D:11     | Noticed a red ugly thing
 11164 | D:11     | Killed a red ugly thing
 11316 | D:11     | Noticed a white ugly thing
 11355 | D:11     | HP: 4/81 [white ugly thing (11)]
 11804 | D:11     | Killed a white ugly thing
 11804 | D:11     | Reached skill level 5 in Evocations
 11892 | D:11     | Noticed a two-headed ogre
 12126 | D:11     | Reached skill level 1 in Shields
 12604 | D:11     | Noticed a purple ugly thing
 12616 | D:11     | Killed a purple ugly thing
 12966 | D:11     | Found a staircase to the Orcish Mines.
 13052 | D:11     | Killed a two-headed ogre
 13512 | D:12     | Noticed Rupert
 13557 | D:12     | Mangled by Rupert

Illustrated notes

Levels and vault maps discovered:
D:1:      wander_arrival_chamber, layout_basic
D:2:      layout_loops_ring, marbit_many_paths, serial_undead, serial_undead_d,
          serial_undead_c, serial_undead_a, serial_undead_d, serial_undead_f,
          serial_undead_c, serial_undead_e, serial_undead_e,
          minmay_stone_trees_small
D:3:      layout_loops_ring, dancing_weapons_uskayaw,
          lemuel_coloured_pillars_altar, grunt_temple_overflow_open,
          chequers_ecumenical_altar_twisty, minmay_box_of_dots
D:4:      layout_basic, overflow_temple_1_default, sigmund_edmund_badplayer
D:5:      layout_rooms, overflow_temple_1_default,
          nicolae_overflow_hidden_temple, serial_shops,
          nicolae_shop_competitors_out_of_business, nicolae_shop_trees, shop,
          first_ration
D:6:      layout_rooms, kiku_gazebo_pond_becter, temple_fountains,
          uniq_blork_the_orc, uniq_duvessa, uniq_edmund
D:7:      layout_cave_pods, grunt_temple_overflow_order_and_chaos_2,
          basic_altar, grunt_ogre_cave, st_stairs_10
D:8:      layout_rooms, nicolae_ru_path_of_blood, serial_shops, shop,
          minmay_misc_feat_rugged, bloody_trog
D:9:      layout_roguey, basic_altar, nicolae_benzene_ring,
          introduction_to_nature_1
D:10:     layout_roguey [special_room_kobold], fedhas_altar_2
D:11:     layout_layer_cave, david_lair_generic, erik_orc_3,
          minmay_misc_feat_tower
D:12:     layout_roguey, portal_ice_cave_rime, serial_shops, shop, st_stairs_6,
          uniq_rupert
Temple:   dpeg_three_leaves_temple

Skill      XL: |  1  2  3  4  5  6  7  8  9 10 11 |
---------------+----------------------------------+-----
Fighting       | 1 2 3 6 |  6.3
Ice Magic      | 4 5 |  5.0
Dodging        | 3 4 6 7 8 |  8.2
Unarmed Combat | 3 6 9 10 | 10.1
Spellcasting   | 5 8 |  8.0
Evocations     | 6 |  6.0
Shields        | 4 |  4.0
Stealth        | |  1.7
Charms         | |  0.5

Action                   |  1- 3 |  4- 6 |  7- 9 | 10-12 || total
-------------------------+-------+-------+-------+-------++-------
Melee: Unarmed           |    22 |       |   196 |   298 ||   516
       Dagger            |    69 |    71 |    12 |       ||   152
       Punch             |       |       |     7 |     4 ||    11
Throw: Dart              |       |     3 |     7 |     5 ||    15
 Cast: Freeze            |    40 |     2 |     1 |       ||    43
       Frozen Ramparts   |     4 |    16 |    44 |    60 ||   124
Evoke: Wand              |       |       |       |     1 ||     1
  Use: Scroll            |     3 |       |     6 |     6 ||    15
       Potion            |       |       |       |     2 ||     2
 Stab: Sleeping          |     5 |     7 |     4 |       ||    16
       Distracted        |       |       |       |     2 ||     2
  Eat: Chunk             |     6 |     7 |    10 |       ||    23
       Ration            |       |       |     2 |     5 ||     7
Armor: Robe              |    21 |    12 |    30 |    48 ||   111
Dodge: Dodged            |    96 |    45 |   161 |   218 ||   520
Block: Buckler           |       |       |       |    44 ||    44
       Other             |       |       |       |     9 ||     9
       Reflection        |       |       |       |     6 ||     6
